TOP OF THE 1ST |
Surrey Sinners batting - Pitching for Chula Vista Tacos : RHP Maurice Green
|
Pitching: RHP Maurice Green
|
|
Batting: RHB Marcos Liñares
|
0-0: Called Strike 0-1: Ball 1-1: Ball 2-1: DOUBLE (Flyball, 9LM)
|
Batting: LHB Jorge Martínez
|
0-0: Ground out 4-3 (Groundball, 4S) Marcos Liñares to third
|
Batting: LHB Iván Espinosa
|
0-0: Swinging Strike 0-1: Ball 1-1: Ball 2-1: Foul Ball, location: 2F 2-2: Foul Ball, location: 2F 2-2: Strikes out looking
|
Batting: LHB Juan Hinojosa
|
0-0: Called Strike 0-1: Foul Ball, location: 2F 0-2: Foul Ball, location: 2F 0-2: Ball 1-2: Ball 2-2: SINGLE (Line Drive, 7LM) Marcos Liñares scores
|
Batting: RHB Dennis House
|
0-0: Ball 1-0: SINGLE (Line Drive, 56) Juan Hinojosa to second
|
Batting: RHB John Stevens
|
0-0: Ball 1-0: Ball 2-0: DOUBLE (Line Drive, 7LM) Juan Hinojosa scores Dennis House to third
|
Batting: RHB Jorge Barrios
|
0-0: Called Strike 0-1: Swinging Strike 0-2: Strikes out looking
|
Top of the 1st over - 2 run(s), 4 hit(s), 0 error(s), 2 left on base; Surrey 2 - Chula Vista 0 |
BOTTOM OF THE 1ST |
Chula Vista Tacos batting - Pitching for Surrey Sinners : LHP Dennis Morales
|
Pitching: LHP Dennis Morales
|
|
Batting: LHB Roderick Delgado
|
0-0: Called Strike 0-1: Ball 1-1: Fly out, F8 (Flyball, 8LS)
|
Batting: RHB Jake Lawrence
|
0-0: Ball 1-0: Ball 2-0: Called Strike 2-1: Ball 3-1: Swinging Strike 3-2: Base on Balls
|
Batting: LHB Arthur MacDonald
|
0-0: Ball Jake Lawrence is caught stealing 2nd base 1-0: Ground out U3 (Groundball, 3)
|
Bottom of the 1st over - 0 run(s), 0 hit(s), 0 error(s), 0 left on base; Surrey 2 - Chula Vista 0 |
TOP OF THE 2ND |
Surrey Sinners batting - Pitching for Chula Vista Tacos : RHP Maurice Green
|
Batting: RHB Robert Koremans
|
0-0: Ball 1-0: Swinging Strike 1-1: Hit by Pitch
|
Batting: RHB Mitchell Darragh
|
0-0: Ball 1-0: Called Strike 1-1: Ball 2-1: Swinging Strike 2-2: Strikes out swinging
|
Batting: RHB Marcos Liñares
|
0-0: Ball 1-0: Called Strike 1-1: Called Strike 1-2: Ball 2-2: Fly out, F7 (Line Drive, 78D)
|
Batting: LHB Jorge Martínez
|
0-0: Ball 1-0: Swinging Strike 1-1: Called Strike 1-2: Ball 2-2: SINGLE (Groundball, 3D) Robert Koremans to second Runner from 2nd tries for 3rd, SAFE, throw made to third
|
Batting: LHB Iván Espinosa
|
0-0: Swinging Strike 0-1: Ball 1-1: DOUBLE (Flyball, 78D) Robert Koremans scores Jorge Martínez to third
|
Batting: LHB Juan Hinojosa
|
0-0: SINGLE (Line Drive, 6MD) Jorge Martínez scores Iván Espinosa to third Runner from 3rd tries for Home, SAFE, no throw
|
Batting: RHB Dennis House
|
0-0: Foul Ball, location: 2F 0-1: Ball 1-1: Fly out, F8 (Flyball, 8LS)
|
Top of the 2nd over - 3 run(s), 3 hit(s), 0 error(s), 1 left on base; Surrey 5 - Chula Vista 0 |
BOTTOM OF THE 2ND |
Chula Vista Tacos batting - Pitching for Surrey Sinners : LHP Dennis Morales
|
Batting: RHB Jake Reeves
|
0-0: Called Strike 0-1: SINGLE (Flyball, 78S)
|
Batting: LHB Dave Reynolds
|
0-0: Ball 1-0: Ball Passed Ball! Jake Reeves to second 2-0: Ball 3-0: Base on Balls
|
Batting: LHB Steven Smith
|
0-0: Called Strike 0-1: SINGLE (Groundball, 6MD) Jake Reeves to third Dave Reynolds to second
|
Batting: RHB Conner Riley
|
0-0: Grounds into double play, 6-4-3 (Groundball, 56) Jake Reeves scores Dave Reynolds to third
|
Batting: LHB Nick Hill
|
0-0: Ball 1-0: Called Strike 1-1: Called Strike 1-2: Strikes out swinging, 2-3 out at first.
|
Bottom of the 2nd over - 1 run(s), 2 hit(s), 0 error(s), 1 left on base; Surrey 5 - Chula Vista 1 |
TOP OF THE 3RD |
Surrey Sinners batting - Pitching for Chula Vista Tacos : RHP Maurice Green
|
Batting: RHB John Stevens
|
0-0: Called Strike 0-1: Ground out 5-3 (Groundball, 56)
|
Batting: RHB Jorge Barrios
|
0-0: Ball 1-0: Ball 2-0: Ball 3-0: Called Strike 3-1: Called Strike 3-2: DOUBLE (Flyball, 8LM) - OUT at third base trying to stretch hit.
|
Pitching: LHP Josh Hammond
|
|
Batting: RHB Robert Koremans
|
0-0: Ball 1-0: Ball 2-0: DOUBLE (Line Drive, 9)
|
Batting: RHB Mitchell Darragh
|
0-0: Swinging Strike 0-1: Ball 1-1: Ball 2-1: Ball 3-1: Foul Ball, location: 2F 3-2: Foul Ball, location: 2F 3-2: Strikes out looking
|
Top of the 3rd over - 0 run(s), 2 hit(s), 0 error(s), 1 left on base; Surrey 5 - Chula Vista 1 |
BOTTOM OF THE 3RD |
Chula Vista Tacos batting - Pitching for Surrey Sinners : LHP Dennis Morales
|
Batting: RHB Júlio García
|
0-0: Called Strike 0-1: Foul Ball, location: 2F 0-2: Ball 1-2: Strikes out swinging
|
Batting: LHB Roderick Delgado
|
0-0: Ball 1-0: Swinging Strike 1-1: Foul Ball, location: 2F 1-2: Strikes out looking
|
Batting: RHB Jake Lawrence
|
0-0: Foul Ball, location: 2F 0-1: Foul Ball, location: 2F 0-2: Strikes out swinging
|
Bottom of the 3rd over - 0 run(s), 0 hit(s), 0 error(s), 0 left on base; Surrey 5 - Chula Vista 1 |
TOP OF THE 4TH |
Surrey Sinners batting - Pitching for Chula Vista Tacos : LHP Josh Hammond
|
Batting: RHB Marcos Liñares
|
0-0: Ball 1-0: Ball 2-0: Ball 3-0: Called Strike 3-1: Called Strike 3-2: Strikes out swinging
|
Batting: LHB Jorge Martínez
|
0-0: Called Strike 0-1: Ball 1-1: Swinging Strike 1-2: Ball 2-2: Foul Ball, location: 2F 2-2: Foul Ball, location: 2F 2-2: Foul Ball, location: 2F 2-2: Foul Ball, location: 2F 2-2: Ground out 4-3 (Groundball, 4)
|
Batting: LHB Iván Espinosa
|
0-0: Ground out 1-3 (Groundball, P)
|
Top of the 4th over - 0 run(s), 0 hit(s), 0 error(s), 0 left on base; Surrey 5 - Chula Vista 1 |
BOTTOM OF THE 4TH |
Chula Vista Tacos batting - Pitching for Surrey Sinners : LHP Dennis Morales
|
Batting: LHB Arthur MacDonald
|
0-0: Fly out, F8 (Flyball, 8RM)
|
Batting: RHB Jake Reeves
|
0-0: Called Strike 0-1: SINGLE (Groundball, 6MD)
|
Batting: LHB Dave Reynolds
|
0-0: Ball 1-0: Foul Ball, location: 2F 1-1: Called Strike 1-2: Foul Ball, location: 2F 1-2: Ball 2-2: Ground out 3-1 (Groundball, 34) Jake Reeves to second
|
Batting: LHB Steven Smith
|
0-0: Foul Ball, location: 2F 0-1: Ball 1-1: Called Strike 1-2: Ball 2-2: Fly out, F8 (Flyball, 8RD)
|
Bottom of the 4th over - 0 run(s), 1 hit(s), 0 error(s), 1 left on base; Surrey 5 - Chula Vista 1 |
TOP OF THE 5TH |
Surrey Sinners batting - Pitching for Chula Vista Tacos : LHP Josh Hammond
|
Batting: LHB Juan Hinojosa
|
0-0: Ball 1-0: Fly out, F8 (Flyball, 8RM)
|
Batting: RHB Dennis House
|
0-0: Foul Ball, location: 2F 0-1: Ball 1-1: Foul Ball, location: 2F 1-2: SINGLE (Line Drive, 7S)
|
Batting: RHB John Stevens
|
0-0: Foul Ball, location: 2F 0-1: Ball 1-1: Ball 2-1: Ball 3-1: Swinging Strike 3-2: Foul Ball, location: 2F 3-2: Base on Balls Dennis House to second
|
Batting: RHB Jorge Barrios
|
0-0: Ball 1-0: Ball 2-0: Called Strike 2-1: Ball 3-1: Swinging Strike 3-2: Foul Ball, location: 2F 3-2: Foul Ball, location: 2F 3-2: Base on Balls Dennis House to third John Stevens to second
|
Batting: RHB Robert Koremans
|
0-0: Foul Ball, location: 2F 0-1: Ball 1-1: Fly out, F8 (Flyball, 8RM)
|
Batting: RHB Mitchell Darragh
|
0-0: Called Strike 0-1: Ball 1-1: Called Strike 1-2: Foul Ball, location: 2F 1-2: Foul Ball, location: 2F 1-2: SINGLE (Groundball, 6) (infield hit) Dennis House scores John Stevens to third Jorge Barrios to second
|
Batting: RHB Marcos Liñares
|
0-0: Fly out, F8 (Flyball, 8RM)
|
Top of the 5th over - 1 run(s), 2 hit(s), 0 error(s), 3 left on base; Surrey 6 - Chula Vista 1 |
BOTTOM OF THE 5TH |
Chula Vista Tacos batting - Pitching for Surrey Sinners : LHP Dennis Morales
|
Batting: RHB Conner Riley
|
0-0: Ground out 6-3 (Groundball, 6)
|
Batting: LHB Nick Hill
|
0-0: Foul Ball, location: 2F 0-1: Ball 1-1: Called Strike 1-2: Ball 2-2: Ground out 6-3 (Groundball, 6)
|
Batting: RHB Júlio García
|
0-0: Called Strike 0-1: Foul Ball, location: 2F 0-2: Foul Ball, location: 2F 0-2: Ball 1-2: Ground out 4-3 (Groundball, 4)
|
Bottom of the 5th over - 0 run(s), 0 hit(s), 0 error(s), 0 left on base; Surrey 6 - Chula Vista 1 |
TOP OF THE 6TH |
Surrey Sinners batting - Pitching for Chula Vista Tacos : LHP Josh Hammond
|
Batting: LHB Jorge Martínez
|
0-0: Ball 1-0: Ball 2-0: Ball 3-0: Called Strike 3-1: Foul Ball, location: 2F 3-2: Strikes out swinging
|
Batting: LHB Iván Espinosa
|
0-0: Swinging Strike 0-1: Swinging Strike 0-2: Ball 1-2: Ground out 4-3 (Groundball, 4)
|
Pitching: RHP Ron Booker
|
|
Batting: LHB Juan Hinojosa
|
0-0: Foul Ball, location: 2F 0-1: Swinging Strike 0-2: Ball 1-2: Foul Ball, location: 2F 1-2: Ball 2-2: Foul Ball, location: 2F 2-2: Strikes out swinging
|
Top of the 6th over - 0 run(s), 0 hit(s), 0 error(s), 0 left on base; Surrey 6 - Chula Vista 1 |
BOTTOM OF THE 6TH |
Chula Vista Tacos batting - Pitching for Surrey Sinners : LHP Dennis Morales
|
Batting: LHB Roderick Delgado
|
0-0: Called Strike 0-1: Foul Ball, location: 2F 0-2: Foul Ball, location: 2F 0-2: Strikes out swinging
|
Batting: RHB Jake Lawrence
|
0-0: Ball 1-0: Ball 2-0: Ball 3-0: Base on Balls
|
Batting: LHB Arthur MacDonald
|
0-0: Called Strike 0-1: Ball 1-1: Ball 2-1: Ball 3-1: Foul Ball, location: 2F 3-2: Strikes out swinging
|
Batting: RHB Jake Reeves
|
0-0: Foul Ball, location: 2F 0-1: Ball 1-1: Swinging Strike 1-2: Strikes out swinging
|
Bottom of the 6th over - 0 run(s), 0 hit(s), 0 error(s), 1 left on base; Surrey 6 - Chula Vista 1 |
TOP OF THE 7TH |
Surrey Sinners batting - Pitching for Chula Vista Tacos : RHP Ron Booker
|
Batting: RHB Dennis House
|
0-0: Swinging Strike 0-1: Ball 1-1: Foul Ball, location: 2F 1-2: Strikes out swinging
|
Batting: RHB John Stevens
|
0-0: Ball 1-0: Ball 2-0: Ball 3-0: Called Strike 3-1: Foul Ball, location: 2F 3-2: Base on Balls
|
Batting: RHB Jorge Barrios
|
0-0: Called Strike 0-1: Foul Ball, location: 2F 0-2: Ground out 4-3 (Groundball, 4S) John Stevens to second
|
Batting: RHB Robert Koremans
|
0-0: Ball 1-0: Called Strike 1-1: Called Strike 1-2: Ball 2-2: Foul Ball, location: 2F 2-2: Strikes out swinging
|
Top of the 7th over - 0 run(s), 0 hit(s), 0 error(s), 1 left on base; Surrey 6 - Chula Vista 1 |
BOTTOM OF THE 7TH |
Chula Vista Tacos batting - Pitching for Surrey Sinners : LHP Dennis Morales
|
Batting: LHB Dave Reynolds
|
0-0: Called Strike 0-1: Swinging Strike 0-2: Strikes out swinging
|
Batting: LHB Steven Smith
|
0-0: Ball 1-0: Ball 2-0: Foul Ball, location: 2F 2-1: Ball 3-1: Fly out, F4 (Popup, 4D)
|
Batting: RHB Conner Riley
|
0-0: Ball 1-0: Foul Ball, location: 2F 1-1: DOUBLE (Line Drive, 89D)
|
Pitching: RHP Jim Rawnsley
|
|
Batting: LHB Nick Hill
|
0-0: Ball 1-0: Ground out 6-3 (Groundball, 6)
|
Bottom of the 7th over - 0 run(s), 1 hit(s), 0 error(s), 1 left on base; Surrey 6 - Chula Vista 1 |
TOP OF THE 8TH |
Surrey Sinners batting - Pitching for Chula Vista Tacos : RHP Ron Booker
|
Batting: RHB Mitchell Darragh
|
0-0: Foul Ball, location: 2F 0-1: Ball 1-1: Ball 2-1: Ball 3-1: Base on Balls
|
Batting: RHB Marcos Liñares
|
0-0: Ball 1-0: Fly out, F9 (Flyball, 9S)
|
Batting: LHB Jorge Martínez
|
0-0: Ball 1-0: Foul Ball, location: 2F 1-1: Swinging Strike 1-2: Ball 2-2: Strikes out swinging
|
Batting: LHB Iván Espinosa
|
0-0: Ball Mitchell Darragh steals 2nd base 1-0: Ball 2-0: Called Strike 2-1: Ball 3-1: Base on Balls
|
Batting: LHB Juan Hinojosa
|
0-0: Called Strike 0-1: Ball 1-1: Ball 2-1: Foul Ball, location: 2F 2-2: Fly out, F7 (Flyball, 7LSF)
|
Top of the 8th over - 0 run(s), 0 hit(s), 0 error(s), 2 left on base; Surrey 6 - Chula Vista 1 |
BOTTOM OF THE 8TH |
Chula Vista Tacos batting - Pitching for Surrey Sinners : RHP Jim Rawnsley
|
Batting: RHB Júlio García
|
0-0: Swinging Strike 0-1: Ball 1-1: Foul Ball, location: 2F 1-2: Foul Ball, location: 2F 1-2: Foul Ball, location: 2F 1-2: Strikes out swinging
|
Batting: LHB Roderick Delgado
|
0-0: Ball 1-0: Ball 2-0: Ball 3-0: Swinging Strike 3-1: Base on Balls
|
Batting: RHB Jake Lawrence
|
0-0: Ball 1-0: Ball 2-0: Foul Ball, location: 2F 2-1: Swinging Strike 2-2: Ball 3-2: Strikes out swinging
|
Batting: LHB Arthur MacDonald
|
0-0: Foul Ball, location: 2F 0-1: Swinging Strike 0-2: Strikes out swinging
|
Bottom of the 8th over - 0 run(s), 0 hit(s), 0 error(s), 1 left on base; Surrey 6 - Chula Vista 1 |
TOP OF THE 9TH |
Surrey Sinners batting - Pitching for Chula Vista Tacos : RHP Ron Booker
|
Batting: RHB Dennis House
|
0-0: Ball 1-0: Called Strike 1-1: Called Strike 1-2: Ball 2-2: Strikes out swinging
|
Pitching: RHP Ron Davis
|
|
Batting: RHB John Stevens
|
0-0: Called Strike 0-1: Ball 1-1: Ball 2-1: Called Strike 2-2: Strikes out swinging
|
Batting: RHB Jorge Barrios
|
0-0: Ball 1-0: Ground out 4-3 (Groundball, 34)
|
Top of the 9th over - 0 run(s), 0 hit(s), 0 error(s), 0 left on base; Surrey 6 - Chula Vista 1 |
BOTTOM OF THE 9TH |
Chula Vista Tacos batting - Pitching for Surrey Sinners : RHP Jim Rawnsley
|
Now at 1B: Norberto Muñóz
|
|
Batting: RHB Jake Reeves
|
0-0: Ball 1-0: Called Strike 1-1: SINGLE (Line Drive, 7S)
|
Batting: LHB Dave Reynolds
|
0-0: Ball 1-0: Ball 2-0: SINGLE (Groundball, 4MD) Jake Reeves to second
|
Batting: LHB Steven Smith
|
0-0: Ball 1-0: Foul Ball, location: 2F 1-1: Swinging Strike 1-2: Foul Ball, location: 2F 1-2: Ball 2-2: Strikes out swinging
|
Batting: RHB Conner Riley
|
0-0: Called Strike 0-1: Foul Ball, location: 2F 0-2: Ball 1-2: Ball 2-2: Strikes out swinging
|
Batting: LHB Nick Hill
|
0-0: Ball 1-0: Swinging Strike 1-1: SINGLE (Flyball, 7S) Jake Reeves to third Dave Reynolds to second Runner from 3rd tries for Home, SAFE, no throw
|
Pitching: LHP Miguel Pazo
|
|
Batting: RHB Júlio García
|
0-0: Ball 1-0: Ball 2-0: Swinging Strike 2-1: Called Strike 2-2: Strikes out swinging
|
Bottom of the 9th over - 1 run(s), 3 hit(s), 0 error(s), 2 left on base; Surrey 6 - Chula Vista 2 |
|